 Dungeon Crawl Stone Soup version 0.26.1-11-gd32895ea62 (webtiles) character file.

Game seed: 15053094608881549282

2219 Rediskos the Cleaver (level 9, -8/67 (71) HPs)
             Began as a Hill Orc Fighter on Apr 20, 2021.
             Was a Believer of Hepliaklqana.
             Mangled by an orc knight
             ... wielding a +0 broad axe
              (31 damage)
             ... in a bailey.
             The game lasted 00:18:40 (8879 turns).

Rediskos the Cleaver (Hill Orc Fighter)             Turns: 8879, Time: 00:18:40

HP:   -8/67 (71)    AC:  8    Str: 20    XL:     9   Next: 35%
MP:   9/9           EV:  9    Int:  8    God:    Hepliaklqana [**....]
Gold: 449           SH: 10    Dex: 12    Spells: 8/8 levels left

rFire    . . .     SeeInvis .   a - +1 war axe
rCold    . . .     Faith    .   A - +0 kite shield
rNeg     . . .     Spirit   .   z - +2 leather armour {Will+}
rPois    .         Reflect  .   s - +0 helmet
rElec    .         Harm     .   (no cloak)
rCorr    .         Rampage  .   (no gloves)
Will     +....                  x - +0 pair of boots
Stlth    +.........             w - amulet of regeneration
HPRegen  0.61/turn              (no ring)
MPRegen  0.11/turn              (no ring)

@: mighty, drained
A: reduced essence
a: Renounce Religion, Recall Ancestor, Ancestor Identity


You were in a bailey.
You worshipped Hepliaklqana.
Hepliaklqana was pleased with you.
You visited 2 branches of the dungeon, and saw 9 of its levels.
You also visited: Bailey.

You collected 449 gold pieces.

Inventory:

Hand Weapons
 a - a +1 war axe (weapon)
Missiles
 t - 6 poisoned darts (quivered)
 B - a throwing net
Armour
 c - a +0 kite shield
 j - a +2 cloak
 q - a scarf of shadows
 s - a +0 helmet (worn)
 x - a +0 pair of boots (worn)
 z - a +2 leather armour of willpower (worn)
 A - a +0 kite shield (worn)
Jewellery
 o - an uncursed ring of stealth {unknown}
 w - an amulet of regeneration (around neck)
Wands
 g - a wand of polymorph (8)
 u - a wand of flame (17)
Scrolls
 e - a scroll of noise
 f - 3 scrolls of identify
 i - 4 scrolls of enchant weapon
 p - 4 scrolls of teleportation
 y - a scroll of remove curse
Potions
 b - a potion of mutation {unknown}
 h - a potion of attraction {unknown}
 k - a potion of lignification {unknown}
 l - 4 potions of curing
 m - a potion of heal wounds
 n - 2 potions of flight
 r - a potion of degeneration {unknown}
 v - a potion of cancellation {unknown}


   Skills:
 + Level 7.4 Fighting
 * Level 10.4 Axes
 + Level 6.7 Armour
 + Level 6.7 Shields


You had 8 spell levels left.
You didn't know any spells.
Your spell library contained the following spells:

 Spells                   Type           Power        Failure   Level
 Confusing Touch          Hex            0%           99%         3
 Gell's Gravitas          Tloc           0%           99%         3
 Petrify                  Tmut/Erth      0%           100%        4
 Metabolic Englaciation   Hex/Ice        0%           100%        5
 Yara's Violent Unravell  Hex/Tmut       0%           100%        5


Dungeon Overview and Level Annotations

Branches:
Dungeon (8/15)             Temple (1/1) D:5          Bailey (1/1)
   Lair: D:8-11

Altars:
Ashenzari
Dithmenos
Elyvilon
Fedhas
Gozag
Hepliaklqana
Kikubaaqudgha
Makhleb
Nemelex Xobeh
Okawaru
Ru
Sif Muna
Trog
Uskayaw
Vehumet
Wu Jian
Xom
Yredelemnul
Zin
The Shining One
Beogh


Message History

You slash the orc knight!
The orc knight is severely wounded.
You closely miss the goblin. You block the orc knight's attack.
You block the goblin's attack.
You slash the orc knight!
The orc knight is almost dead.
You slash the goblin!
You kill the goblin!
The orc knight hits you with a +0 broad axe!!
The goblin barely misses you.
You closely miss the orc knight.
The orc knight is almost dead.
You hit the goblin.
You kill the goblin!
The orc knight hits you with a +0 broad axe!!
You are too injured to fight recklessly!
Okay, then.
You feel very mighty all of a sudden.
The orc knight hits you with a +0 broad axe!!
You die...

#.......#.........#
##.......##.g.....##
+.........).......#
##.........##.....##
#.....⌠.....#######
#.........##
#.....og..#
##...)oo.##
#....@o.# ##.....##
♣##'))##♣ ♣♣.......♣
♣........♣♣♣
♣♣....∩.....♣
♣...........♣
♣.....∩.....♣
♣♣.........♣♣


You could see 2 orc knights, an orc warrior (strong), an orc (strong) and a
goblin.

Vanquished Creatures
  Edmund (D:5)
  An orc warrior (Bailey)
  3 centaurs
  4 ogres
  A bullfrog (D:6)
  2 gnoll sergeants (D:7)
  A scorpion (D:7)
  3 wights
  2 hounds
  2 jellies
  3 orc priests
  5 orc wizards
  2 iguanas
  6 worker ants
  A hound skeleton (D:4)
  A howler monkey zombie (D:5)
  9 gnolls
  8 adders
  2 shadow imps
  An ooze (D:1)
  An adder zombie (D:5)
  An adder skeleton (D:6)
  3 worms
  2 dart slugs
  A leopard gecko (D:3)
  26 orcs
  3 ball pythons
  8 bats
  3 giant cockroaches
  15 goblins
  11 hobgoblins
  6 jackals
  5 quokkas
  10 frilled lizards
  10 kobolds
  A quokka skeleton (D:5)
  8 rats
172 creatures vanquished.

Vanquished Creatures (collateral kills)
  A scorpion (D:6)
  A jelly (D:7)
  A worker ant (D:5)
  5 gnolls
  A leopard gecko (D:7)
  An orc (Bailey)
  A giant cockroach (D:7)
  2 goblins (Bailey)
  A butterfly (D:5)
14 creatures vanquished.

Vanquished Creatures (others)
  2 hexers
  4 ancestors
6 creatures vanquished.

Grand Total: 192 creatures vanquished

Notes
Turn   | Place    | Note
-------+----------+-------------------------------------------
     0 | D:1      | Rediskos the Hill Orc Fighter began the quest for the Orb.
     0 | D:1      | Reached XP level 1. HP: 19/19 MP: 1/1
   151 | D:1      | Reached skill level 3 in Axes
   287 | D:1      | Reached XP level 2. HP: 27/27 MP: 2/2
   645 | D:1      | Reached XP level 3. HP: 29/33 MP: 3/3
  1413 | D:2      | Reached skill level 4 in Axes
  1567 | D:2      | Reached XP level 4. HP: 38/40 MP: 4/4
  2561 | D:3      | Found a faded altar of an unknown god.
  2645 | D:3      | Reached XP level 5. HP: 45/47 MP: 5/5
  2698 | D:3      | Reached skill level 5 in Axes
  3474 | D:4      | Reached XP level 6. HP: 53/53 MP: 6/6
  3667 | D:4      | Reached skill level 5 in Fighting
  3667 | D:4      | Reached skill level 6 in Axes
  4162 | D:4      | Reached XP level 7. HP: 61/61 MP: 7/7
  4278 | D:4      | Found a roughly hewn altar of Beogh.
  5028 | D:5      | Entered Level 5 of the Dungeon
  5074 | D:5      | Found the +11 plutonium sword {*Contam Stlth-}
  5074 | D:5      | Noticed Edmund
  5227 | D:5      | Reached skill level 7 in Axes
  5254 | D:5      | Reached skill level 5 in Armour
  5254 | D:5      | Reached skill level 5 in Shields
  5308 | D:5      | Found a staircase to the Ecumenical Temple.
  5314 | Temple   | Entered the Ecumenical Temple
  5541 | Temple   | Became a worshipper of Hepliaklqana the Forgotten
  5591 | D:5      | Killed Edmund
  5593 | D:5      | Reached skill level 8 in Axes
  5593 | D:5      | Reached XP level 8. HP: 62/63 MP: 8/8
  5936 | D:5      | Found a shimmering blue altar of Sif Muna.
  6184 | D:6      | Found a shadowy altar of Dithmenos.
  6541 | D:6      | Reached * piety under Hepliaklqana
  6834 | D:6      | Reached skill level 9 in Axes
  7128 | D:7      | Found a sparkling altar of Nemelex Xobeh.
  7150 | D:7      | Found a blossoming altar of Fedhas.
  7254 | D:7      | Found a white marble altar of Elyvilon.
  7513 | D:7      | Reached XP level 9. HP: 12/70 MP: 9/9
  7818 | D:7      | Reached ** piety under Hepliaklqana
  7819 | D:7      | Remembered your ancestor Sinnashi as a hexer
  7946 | D:7      | Reached skill level 10 in Axes
  8513 | D:8      | Found a flagged portal.
  8525 | Bailey   | Entered a bailey
  8838 | Bailey   | Noticed an orc knight
  8851 | Bailey   | Noticed an orc knight
  8879 | Bailey   | Mangled by an orc knight

Illustrated notes

Levels and vault maps discovered:
D:1:      erik_arrival_triangle_medium, layout_loops_corners
D:2:      layout_loops_cross, kennysheep_donut, nrook_loot_triangle
D:3:      layout_loops_ring, cheibrodos_sewer_entry_bend,
          chequers_ecumenical_altar_island
D:4:      layout_basic, chequers_serial_rivers_micro_c, kennysheep_orc_chapel
D:5:      wad_crossroads, layout_basic, lemuel_blue_sif_altar,
          minmay_temple_entry_butterflies, uniq_edmund
D:6:      layout_loops_corners, nicolae_overflow_crystal_walls
D:7:      layout_cave_pods, elyvilon_altar_4, lemuel_round_altar, fedhas_altar_2
D:8:      layout_rooms, nicolae_overflow_hidden_temple, enter_bailey_2,
          uniq_maggie
Temple:   eino_temple_scatter_basement
Bailey:   bailey_axe_minmay_hex_keep, bailey

Skill      XL: |  1  2  3  4  5  6  7  8  9 |
---------------+----------------------------+-----
Axes           | 3 4 5 6 8 9 10 | 10.4
Fighting       | 4 5 6 7 |  7.4
Armour         | 4 5 6 |  6.7
Shields        | 4 5 6 |  6.7

Action                   |  1- 3 |  4- 6 |  7- 9 || total
-------------------------+-------+-------+-------++-------
Melee: War axe           |   137 |   235 |   280 ||   652
Throw: Dart              |       |     5 |     8 ||    13
Invok: Ancestor Identity |       |       |     1 ||     1
       Recall Ancestor   |       |       |     1 ||     1
       Ancestor Life: He |       |       |     1 ||     1
  Use: Scroll            |       |       |    11 ||    11
       Potion            |       |       |     3 ||     3
 Stab: Sleeping          |       |       |     1 ||     1
       Distracted        |       |       |     2 ||     2
       Invisible         |       |       |     1 ||     1
       Confused          |       |       |     3 ||     3
Armor: Scale mail        |    67 |    91 |     7 ||   165
       Leather armour    |       |       |    63 ||    63
Dodge: Dodged            |    36 |    71 |    79 ||   186
Block: Kite shield       |    54 |   110 |   143 ||   307
